AoeStats
← IamxSaVaGe7117

Arena

510409710Analyzed
1v1 RM · 19h ago on Sep 30, 2026· 51m 57s· 2 players
Game mode
Random Map
Map size
Tiny (2 player)
Population
200
Speed
Normal
Resources
Standard
Victory
Conquest
Starting age
Dark Age
Ending age
Imperial Age
RankedLock teamsTeams togetherTeam positionsShared explorationLock speedFull tech treeHidden civsTurbo modeCheats
Victory
Defeat
🇺🇸 Vietnamese · United States
600
+20
🇦🇷 Teutons · Argentina
678
-20
IamxSaVaGe7117
9:40 Feudal Age
15:57 Castle Age
13:57 Double-Bit Axe
16:51 Forging
16:46 Scale Mail Armor
18:14 Bow Saw
21:17 Squires
38:45 Wheelbarrow
39:45 Wheelbarrow
39:06 Stone Mining
39:07 Gold Mining
42:12 Hand Cart
44:41 Thumb Ring
51:50 Imperial Age
50:14 Stone Shaft Mining
50:34 Loom
50:37 Elite Skirmisher
53:37 Chemistry
mate
13:12 Feudal Age
17:50 Castle Age
17:44 Double-Bit Axe
20:15 Horse Collar
Connection lost

Rejoining the realm…

Still unreachable

The connection could not be restored.

Session expired

The server has moved on; the page needs a fresh start.